 Dungeon Crawl Stone Soup version 0.30.0-19-g36f170ea60 (webtiles) character file.

Game seed: 11133773661077717502

111 buriedalive the Chiller (level 4, -2/24 HPs)
             Began as a Deep Elf Ice Elementalist on May 26, 2023.
             Succumbed to a kobold's poison
             ... on level 2 of the Dungeon.
             The game lasted 00:02:46 (1511 turns).

buriedalive the Chiller (Deep Elf Ice Elementalist) Turns: 1511, Time: 00:02:46

Health: -2/24      AC:  6    Str:  5    XL:     4   Next: 62%
Magic:  11/12      EV: 13    Int: 22    God:
Gold:   80         SH:  0    Dex: 15    Spells: 5/12 levels left

rFire   . . .        i - +4 dagger
rCold   . . .        (no shield)
rNeg    . . .        a - +0 robe
rPois   .            (no helmet)
rElec   .            (no cloak)
rCorr   .            (no gloves)
SInv    .            (no boots)
Will    .....        (no amulet)
Stlth   ++           y - +4 ring of protection
HPRegen 0.24/turn    (no ring)
MPRegen 0.13/turn

%: no passive effects
@: lethally poisoned (-2 -> -30)
A: no striking features
a: no special abilities


You were on level 2 of the Dungeon.
You visited 1 branch of the dungeon, and saw 2 of its levels.

You collected 80 gold pieces.

Inventory:

Hand Weapons
 d - a +0 dagger
 i - a +4 dagger (weapon)
 v - a +3 dagger
Missiles
 l - 12 stones
 r - 3 poisoned darts
 s - 3 atropa-tipped darts
Armour
 a - a +0 robe (worn)
Magical Staves
 f - a staff of fire
Jewellery
 y - a +4 ring of protection (left hand)
Scrolls
 e - a scroll of amnesia {unknown}
 m - 4 scrolls of identify {unknown}
 n - a scroll of teleportation {unknown}
 o - a scroll of fog {unknown}
 p - a scroll of vulnerability {unknown}
 t - a scroll of fear {unknown}
Potions
 b - a potion of magic
 c - a potion of mutation {unknown}
 g - a potion of lignification {unknown}
 h - a potion of attraction {unknown}
 j - 3 potions of ambrosia {unknown}
 k - 4 potions of curing {unknown}
 q - a potion of heal wounds {unknown}
 u - a potion of invisibility {unknown}
 w - a potion of might {unknown}
 x - a potion of flight {unknown}


   Skills:
 + Level 3.9 Dodging
 - Level 2.4 Stealth
 + Level 4.5 Spellcasting
 + Level 5.2 Ice Magic


You had 5 spell levels left.
You knew the following spells:

 Your Spells              Type           Power      Damage    Failure   Level
a - Freeze                Ice            100%       1d10      1%          1
b - Ozocubu's Armour      Ice            28%        N/A       3%          3
c - Frozen Ramparts       Ice            56%        1d9       3%          3

Your spell library contained the following spells:

 Spells                   Type           Power      Damage    Failure   Level
 Sandblast                Erth           8%         2d5       11%         1
 Passwall                 Tmut/Erth      3%         N/A       16%         2
 Call Canine Familiar     Summ           4%         N/A       32%         3
 Portal Projectile        Hex/Tloc       8%         N/A       32%         3
 Stone Arrow              Conj/Erth      8%         3d7       32%         3
 Summon Ice Beast         Ice/Summ       16%        N/A       34%         4
 Leda's Liquefaction      Hex/Erth       2%         N/A       71%         4


Dungeon Overview and Level Annotations

Branches:
Dungeon (2/15)

Altars:


Message History

You freeze the adder.
You kill the adder!
You start resting.
HP restored.
You start resting.
Magic restored.
y - a +4 ring of protection A goblin comes into view.
It is wielding a +0 dagger.
y - a +4 ring of protection (left hand)
The goblin shouts!
Casting: Freeze (safe; 1% risk of failure)
Confirm with . or Enter, or press ? or * to list all spells.
You don't know that spell.
You hit the goblin.
You kill the goblin!
No target in view!
You see here a +0 dagger.
Items here: )))) [[[ ÷÷÷.
A kobold comes into view. It is wielding a +2 dagger of venom.
The kobold shouts!
The kobold hits you with a +2 dagger of venom.
You are poisoned.
You closely miss the kobold.
You feel very sick.
The kobold hits you with a +2 dagger of venom.
You are lethally poisoned!
You hit the kobold.
The kobold is heavily wounded.
You feel very sick.
The kobold hits you with a +2 dagger of venom.
* * * LOW HITPOINT WARNING * * *
You are more poisoned.
Casting: Freeze (safe; 1% risk of failure)
Confirm with . or Enter, or press ? or * to list all spells.
Aiming: Freeze (safe; 1% risk of failure)
Press: ? - help, Shift-Dir - straight line, f - kobold
Aim: a kobold, wielding a +2 dagger of venom (heavily wounded)
You freeze the kobold.
The kobold is severely wounded.
You die...

#..#...~≈.≈~...#.#.....##########
#..#...~.≈.~...#.####............
#..#..~.~.~.~..#.# #.###########
#.#.#~.~...~.~#..# #.#
#.#...~.....~..#.# #.#
#.....#.....#.##.# #.#
###.#..#####.# #.# ...
#.#.#.....# #.# ... #.........#
#@# ... ###.####### #K# ..... #.#
#...... ###### #.######## ####...
#..... #........# #..# #.####
########.# #..# #.# #####.# #..#
#.# #.....# #..# #.#### #.#####
#..#######.##..


You could see a kobold.

Vanquished Creatures
  2 orc wizards (D:2)
  An adder (D:2)
  2 dart slugs
  3 orcs (D:2)
  An endoplasm (D:2)
  2 giant cockroaches (D:1)
  6 goblins
  4 hobgoblins
  2 jackals (D:1)
  5 kobolds
  4 quokkas
  2 ball pythons
  4 bats
  A frilled lizard (D:2)
  2 rats (D:1)
41 creatures vanquished.

Notes
Turn   | Place    | Note
-------+----------+-------------------------------------------
     0 | D:1      | buriedalive the Deep Elf Ice Elementalist began the quest
                  | for the Orb.
     0 | D:1      | Reached XP level 1. HP: 10/10 MP: 6/6
   242 | D:1      | Reached XP level 2. HP: 15/15 MP: 6/8
   603 | D:1      | Reached XP level 3. HP: 16/19 MP: 3/10
   694 | D:1      | Learned a level 3 spell: Ozocubu's Armour
   698 | D:1      | Learned a level 3 spell: Frozen Ramparts
  1058 | D:2      | Found a faded altar of an unknown god.
  1087 | D:2      | Reached skill level 5 in Ice Magic
  1087 | D:2      | Reached XP level 4. HP: 17/24 MP: 8/12
  1511 | D:2      | Succumbed to a kobold's poison

Illustrated notes

Levels and vault maps discovered:
D:1:      roderic_dead_forest, layout_rooms, eino_curves_04
D:2:      layout_loops_ring, shapermc_ecumenical_altar_starsandcircs

Skill      XL: |  1  2  3 |
---------------+----------+-----
Dodging        | 3 |  3.9
Spellcasting   | 4 |  4.5
Ice Magic      | 5 |  5.2
Stealth        | |  2.4

Action                     |  1- 3 |  4- 6 || total
---------------------------+-------+-------++-------
  Melee: Dagger            |    36 |     5 ||    41
   Cast: Freeze            |    29 |     4 ||    33
         Frozen Ramparts   |     1 |       ||     1
   Stab: Sleeping          |     3 |     2 ||     5
 Armour: Robe              |    10 |       ||    10
  Dodge: Dodged            |    49 |     1 ||    50
